[Event "36th Balaton IM 2018"]
[Site "Balatonlelle"]
[Date "2018.06.16"]
[Round "5"]
[White "Urh, Zala"]
[Black "Gorti, Akshita"]
[Result "1/2-1/2"]
[ECO "C17"]
[WhiteElo "2248"]
[BlackElo "2258"]
[Annotator "NA"]
[PlyCount "54"]
[EventDate "2018.06.12"]
[EventType "swiss"]
[EventCountry "HUN"]
[SourceTitle "playchess.com"]
[Source "ChessBase"]
[SourceQuality "1"]
[TimeControl "40/5400+30:1800+30"]

1. e4 e6 2. d4 d5 3. Nc3 Bb4 4. e5 c5 5. Bd2 Nh6 6. Nf3 Nf5 7. dxc5 Bxc5 8. Bd3 h6 9. O-O Nc6 10. Qe2 O-O 11. Rad1 Nh4 12. Bf4 Bd7 13. Rfe1 a6 14. g3 Nxf3+ 15. Qxf3 Nd4 16. Qh5 f5 17. exf6 Qxf6 18. Nxd5 exd5 19. Qxd5+ Kh8 20. Qxd7 Nf3+ 21. Kg2 Nxe1+ 22. Rxe1 Qd4 23. Qxd4 Bxd4 24. Re7 b5 25. b3 Rfe8 26. Rd7 Bf6 27. Rd6 Red8 1/2-1/2

[Event "36th Balaton IM 2018"]
[Site "Balatonlelle"]
[Date "2018.06.18"]
[Round "7"]
[White "Saber, Yasser"]
[Black "McPhillips, Joseph"]
[Result "0-1"]
[ECO "E56"]
[WhiteElo "2266"]
[BlackElo "2399"]
[Annotator "NA"]
[PlyCount "68"]
[EventDate "2018.06.12"]
[EventType "swiss"]
[EventCountry "HUN"]
[SourceTitle "playchess.com"]
[Source "ChessBase"]
[SourceQuality "1"]
[TimeControl "40/5400+30:1800+30"]

1. d4 Nf6 2. c4 e6 3. Nc3 Bb4 4. e3 O-O 5. Bd3 d5 6. Nf3 c5 7. O-O Nc6 8. a3 Ba5 9. dxc5 Bxc3 10. bxc3 dxc4 11. Bxc4 Qa5 12. Qc2 $11 Qxc5 13. Bd3 b6 14. Bb2 Bb7 15. c4 Qh5 16. Be2 Rac8 17. Rfd1 Na5 18. Rd4 Bxf3 19. Bxf3 Qg6 20. Qc3 e5 21. Rh4 Rc5 22. Rd1 Qg5 23. g3 Qf5 24. Bd5 Re8 25. e4 Qc8 26. Rc1 h6 27. f4 Nxd5 28. exd5 Rxc4 29. Qe3 exf4 30. Rxc4 Nxc4 31. Qd4 Nxb2 32. Rxf4 Qc5 33. d6 Nd3 34. d7 Rd8 0-1

[Event "36th Balaton IM 2018"]
[Site "Balatonlelle"]
[Date "2018.06.18"]
[Round "7"]
[White "Urh, Zala"]
[Black "Moksh Amit Doshi"]
[Result "0-1"]
[ECO "D97"]
[WhiteElo "2248"]
[BlackElo "2203"]
[Annotator "NA"]
[PlyCount "136"]
[EventDate "2018.06.12"]
[EventType "swiss"]
[EventCountry "HUN"]
[SourceTitle "playchess.com"]
[Source "ChessBase"]
[SourceQuality "1"]
[TimeControl "40/5400+30:1800+30"]

1. d4 Nf6 2. c4 g6 3. Nc3 d5 4. Nf3 Bg7 5. Qb3 dxc4 6. Qxc4 O-O 7. e4 a6 8. Be2 b5 9. Qb3 c5 10. dxc5 Be6 11. Qc2 {[%emt 0:02:40] D97: Grünfeldindisch (Russisches System, Ragosin-Variante)} Nbd7 12. Be3 Rc8 $1 13. Rd1 b4 {[%emt 0:00:09] LiveBook: 81 Games} 14. Na4 (14. Nd5 Bxd5 15. exd5 Nxc5 16. O-O Nce4 17. Qd3 Qd6 18. Qxa6 Rc2 {½-½ (67) Giri,A (2755)-Nepomniachtchi,I (2740) Moscow 2016}) 14... Qa5 15. b3 Ng4 16. Bd4 Bxd4 17. Nxd4 Nxc5 18. Nxc5 Rxc5 19. Qd2 $146 Nf6 20. Nxe6 fxe6 21. f3 e5 22. Bc4+ Kg7 23. O-O Rc7 24. Qe3 Rd7 25. Be6 Rxd1 26. Rxd1 Qc7 27. Bc4 a5 28. Qd2 Rb8 29. Qd3 Kf8 30. g3 Qb6+ 31. Kg2 Kg7 32. Qd2 Ra8 33. Qf2 Qc7 34. Qd2 Rb8 35. Qd3 Rb6 36. Qd8 Qxd8 37. Rxd8 Rd6 38. Rxd6 exd6 39. Kf2 Nd7 40. Bb5 Nc5 41. Ke3 g5 42. Bc4 Kf6 43. Bd5 h5 44. h3 h4 45. gxh4 gxh4 46. Bc4 Kg5 47. Bd5 Nd7 48. Be6 Nf6 $11 49. Bf7 Nh7 50. Be6 Nf8 51. Bg4 Ng6 52. Kd3 Nf4+ 53. Kc4 Ne2 54. Kb5 Nc3+ 55. Kxa5 Nxa2 56. Kb5 Kf4 57. Kc4 Ke3 58. Kd5 Nc1 59. Kxd6 Nxb3 60. Kxe5 Nd4 61. Kf6 b3 62. e5 b2 63. e6 b1=Q 64. e7 Qb8 65. Kf7 Qf4+ 66. Kg8 Qg5+ 67. Kf7 Qd5+ 68. Kf8 Ne6+ 0-1

[Event "36th Balaton IM 2018"]
[Site "Balatonlelle"]
[Date "2018.06.18"]
[Round "7"]
[White "Gungl, Theo"]
[Black "Gorti, Akshita"]
[Result "1/2-1/2"]
[ECO "C08"]
[WhiteElo "2237"]
[BlackElo "2258"]
[Annotator "NA"]
[PlyCount "62"]
[EventDate "2018.06.12"]
[EventType "swiss"]
[EventCountry "HUN"]
[SourceTitle "playchess.com"]
[Source "ChessBase"]
[SourceQuality "1"]
[TimeControl "40/5400+30:1800+30"]

1. e4 e6 2. d4 d5 3. Nd2 c5 4. exd5 exd5 5. Bb5+ Nc6 6. Ngf3 cxd4 7. O-O Bd6 8. Nb3 Nge7 9. Nbxd4 O-O 10. h3 Bd7 {[%emt 0:04:33] LiveBook: 5 Games C09: French Tarrasch: 3...c5 4 exd5 exd5 5 Ngf3 Nc6} (10... Re8 11. c3 a6 12. Bd3 Nxd4 13. Nxd4 Nc6 14. Nf3 Bc7 15. Bg5 Qd6 16. Bh4 Qh6 17. Bc2 Be6 18. Bg3 Bxg3 19. fxg3 {1-0 (59) Caruana,F (2709)-Short,N (2680) Reggio Emilia 2010}) 11. c3 Re8 12. Re1 Rc8 $146 ({Predecessor:} 12... Ng6 13. Rxe8+ Qxe8 14. Bd3 Nce5 15. Bf1 Rd8 16. Nxe5 Bxe5 17. Nf3 Bb8 18. Bg5 {0-1 (61) Hager,F (2295)-Schmidt,P (2425) Werfen 1992}) 13. Be3 Bb8 14. Bd3 Ng6 15. Qd2 Nce5 16. Bxg6 Nxg6 17. Rad1 Qc7 18. Qd3 Nf4 19. Bxf4 Qxf4 20. Ne2 Qc7 21. Ng3 Bc6 22. Qd4 Qf4 23. Qxf4 Bxf4 24. Ne2 Bc7 25. Ned4 g6 26. Kf1 Kg7 27. Rxe8 Rxe8 28. Re1 Rxe1+ 29. Kxe1 Bd7 30. Ke2 Kf6 31. Ke3 Bb6 $11 {[%emt 0:00:48] Ke4 Ke5+} 1/2-1/2

[Event "36th Balaton IM 2018"]
[Site "Balatonlelle"]
[Date "2018.06.19"]
[Round "8"]
[White "McPhillips, Joseph"]
[Black "Urh, Zala"]
[Result "1-0"]
[ECO "C44"]
[WhiteElo "2399"]
[BlackElo "2248"]
[Annotator "NA"]
[PlyCount "77"]
[EventDate "2018.06.12"]
[EventType "swiss"]
[EventCountry "HUN"]
[SourceTitle "playchess.com"]
[Source "ChessBase"]
[SourceQuality "1"]
[TimeControl "40/5400+30:1800+30"]

1. e4 e5 2. Nf3 Nc6 3. d4 exd4 4. Nxd4 Nf6 5. Nxc6 bxc6 6. Qe2 {[%emt 0:00:10] C45: Scotch Game} (6. Bd3 d5 7. exd5 cxd5 8. O-O Be7 9. h3 O-O 10. Re1 c5 11. Nd2 Bb7 12. Nf3 Bd6 13. c3 Qc7 14. Be3 Rfe8 15. Qc2 h6 16. Rad1 Rad8 {½-½ (40) Jobava,B (2663)-Ragger,M (2672) Brest 2018}) 6... Qe7 7. Nc3 d5 8. exd5 cxd5 9. Nb5 Qxe2+ 10. Bxe2 Bb4+ 11. c3 Ba5 12. Bf4 Rb8 $146 ({Predecessor:} 12... c6 13. Nd4 Bd7 {1-0 (49) Timmermans,M (2387)-Bluhm,S (2235) Vlissingen 2016}) 13. b4 Bb6 14. Nxc7+ Bxc7 15. Bxc7 Rb7 16. Be5 O-O 17. Bxf6 gxf6 18. O-O-O Be6 19. Rd4 Rc8 20. Kb2 Rbc7 21. Rc1 Kf8 22. Bf3 Rc4 23. Rxc4 Rxc4 $18 24. Rd1 Rh4 25. h3 Rf4 26. Rd4 Rf5 27. Kc1 Re5 28. Kd2 Ke7 29. Bd1 Rg5 30. Bf3 Kd6 31. h4 Rf5 32. a4 Kc7 33. a5 Kd6 34. c4 Ke5 35. Kc3 dxc4 36. b5 h5 37. b6 axb6 38. axb6 Bc8 39. Rd5+ {[%emt 0:00:46] Kxd5} 1-0

[Event "36th Balaton IM 2018"]
[Site "Balatonlelle"]
[Date "2018.06.19"]
[Round "8"]
[White "Klaric, Zlatko"]
[Black "Gorti, Akshita"]
[Result "0-1"]
[ECO "A40"]
[WhiteElo "2397"]
[BlackElo "2258"]
[Annotator "NA"]
[PlyCount "120"]
[EventDate "2018.06.12"]
[EventType "swiss"]
[EventCountry "HUN"]
[SourceTitle "playchess.com"]
[Source "ChessBase"]
[SourceQuality "1"]
[TimeControl "40/5400+30:1800+30"]

1. d4 e6 2. Nf3 d5 3. c3 b6 4. Ne5 Bb7 5. Bf4 Nf6 6. e3 Bd6 7. Nd2 O-O 8. Bg5 c5 9. Bd3 Be7 10. Bxf6 Bxf6 11. Ndf3 Nc6 12. h4 Bxe5 13. dxe5 f5 14. Ng5 Qe8 15. f4 h6 16. Nf3 Rd8 17. Qe2 $15 d4 18. O-O-O dxc3 19. bxc3 Na5 20. Bb5 Qe7 21. Rd6 Bxf3 22. gxf3 Rxd6 23. exd6 Qxd6 24. Rd1 Qe7 25. Rd7 Qxh4 26. Rxa7 Rd8 27. Bd7 Qe7 28. Qd3 Kf8 29. Qb5 Qd6 30. Kc2 Nc4 31. Qxc4 Rxd7 32. Rxd7 Qxd7 33. e4 h5 34. Qe2 h4 35. Qh2 Qe7 36. a4 c4 37. Qh3 g6 38. Kb2 Qd8 39. Qh2 Kg7 40. exf5 exf5 41. Qe2 Qc7 42. Qd2 h3 43. Qh2 Qd6 44. Qxh3 Qd2+ 45. Kb1 Qd1+ 46. Kb2 Qb3+ 47. Kc1 Qxc3+ 48. Kd1 Qb3+ 49. Ke2 Qxa4 50. Qh4 Qc2+ 51. Ke1 Qc3+ 52. Ke2 Qd3+ 53. Kf2 Qd6 54. Qh1 c3 55. Qa1 Qc5+ 56. Kg3 b5 57. Qd1 Qc7 58. Qb1 c2 59. Qa1+ Kh7 60. Qh1+ Kg8 0-1

[Event "36th Balaton IM 2018"]
[Site "Balatonlelle"]
[Date "2018.06.19"]
[Round "8"]
[White "Naumkin, Igor"]
[Black "Gungl, Theo"]
[Result "1/2-1/2"]
[ECO "D45"]
[WhiteElo "2383"]
[BlackElo "2237"]
[Annotator "NA"]
[PlyCount "33"]
[EventDate "2018.06.12"]
[EventType "swiss"]
[EventCountry "HUN"]
[SourceTitle "playchess.com"]
[Source "ChessBase"]
[SourceQuality "1"]
[TimeControl "40/5400+30:1800+30"]

1. d4 d5 2. c4 c6 3. Nf3 Nf6 4. Nc3 e6 5. e3 Nbd7 6. Qc2 Bd6 7. Bd3 e5 8. cxd5 cxd5 9. e4 dxe4 10. Nxe4 Nxe4 11. Bxe4 Bb4+ 12. Bd2 Bxd2+ 13. Qxd2 Nf6 14. Bc2 exd4 15. Qxd4 Qe7+ 16. Qe5 $11 Qxe5+ 17. Nxe5 1/2-1/2

[Event "36th Balaton IM 2018"]
[Site "Balatonlelle"]
[Date "2018.06.19"]
[Round "8"]
[White "Nagy, Bence"]
[Black "Saber, Yasser"]
[Result "1-0"]
[ECO "B07"]
[WhiteElo "2354"]
[BlackElo "2266"]
[Annotator "NA"]
[PlyCount "73"]
[EventDate "2018.06.12"]
[EventType "swiss"]
[EventCountry "HUN"]
[SourceTitle "playchess.com"]
[Source "ChessBase"]
[SourceQuality "1"]
[TimeControl "40/5400+30:1800+30"]

1. e4 d6 2. d4 Nf6 3. Nc3 g6 4. Be3 c6 5. Qd2 b5 6. f3 Qc7 7. g4 h5 8. g5 Nfd7 9. f4 Bb7 10. Bd3 b4 11. Nce2 c5 12. c3 bxc3 13. Nxc3 Bg7 $11 14. d5 O-O 15. Nf3 Ba6 16. O-O Nb6 17. Bxa6 Nxa6 18. Qe2 Qc8 19. Rad1 c4 20. Nd4 Nc5 21. Nc6 Re8 22. Bxc5 dxc5 23. f5 e6 24. f6 Bf8 25. Ne5 exd5 26. Nxg6 Qg4+ 27. Qxg4 hxg4 28. exd5 Bd6 29. Nb5 Be5 30. Ne7+ Kh7 31. Rde1 Nd7 32. Re4 a6 33. Na3 Rxe7 34. fxe7 Re8 35. Nxc4 Rxe7 36. Nxe5 Nxe5 37. Kg2 1-0

[Event "36th Balaton IM 2018"]
[Site "Balatonlelle"]
[Date "2018.06.19"]
[Round "8"]
[White "Moksh Amit Doshi"]
[Black "Vegh, Endre"]
[Result "1-0"]
[ECO "B07"]
[WhiteElo "2203"]
[BlackElo "2260"]
[Annotator "NA"]
[PlyCount "53"]
[EventDate "2018.06.12"]
[EventType "swiss"]
[EventCountry "HUN"]
[SourceTitle "playchess.com"]
[Source "ChessBase"]
[SourceQuality "1"]
[TimeControl "40/5400+30:1800+30"]

1. e4 d6 2. d4 Nf6 3. Nc3 g6 4. Bg5 Bg7 5. Qd2 c6 6. Bh6 Bxh6 7. Qxh6 Qa5 8. Bd3 Qb4 9. Nge2 Qxb2 10. O-O Nbd7 11. Rab1 Qa3 12. f4 e5 $16 13. fxe5 dxe5 14. Rxf6 exd4 15. Nb5 cxb5 16. Rf3 Qxa2 17. Rbf1 Ne5 18. Bxb5+ Bd7 19. Bxd7+ Kxd7 20. Rb3 Qa6 21. Nxd4 Rae8 22. Rc3 Qb6 23. Rd1 Nc6 24. Rb3 Qc5 25. Rb5 Qc4 26. Nf5+ Kc7 27. Qf4+ 1-0

[Event "36th Balaton IM 2018"]
[Site "Balatonlelle"]
[Date "2018.06.20"]
[Round "9"]
[White "Saber, Yasser"]
[Black "Klaric, Zlatko"]
[Result "1-0"]
[ECO "A40"]
[WhiteElo "2266"]
[BlackElo "2397"]
[Annotator "NA RC"]
[PlyCount "71"]
[EventDate "2018.06.12"]
[EventType "swiss"]
[EventCountry "HUN"]
[SourceTitle "playchess.com"]
[Source "ChessBase"]
[SourceQuality "1"]
[TimeControl "40/5400+30:1800+30"]

1. d4 c6 2. c4 f5 3. g3 Nf6 4. Bg2 d5 5. Nh3 dxc4 6. O-O Be6 7. Nf4 Bf7 8. Qc2 $1 g6 9. Rd1 Nbd7 10. Nd2 Nb6 11. Nf3 Bg7 (11... Bd5 $5) 12. Ne5 Nfd5 13. e4 Nxf4 14. Nxf7 ({Viel schlechter ist} 14. gxf4 fxe4 15. Nxf7 Kxf7 $17) 14... Kxf7 15. Bxf4 e6 16. a4 a5 17. b3 Bxd4 $2 (17... c3 $1 $14) 18. bxc4 Bxa1 19. Rxd8 Rhxd8 20. Bc7 Bd4 21. Qb3 Rd7 22. Bxb6 Bxb6 23. Qxb6 $2 Ra6 $1 24. Qb2 Ra8 25. Qb6 ({Günstiger ist} 25. Bf3 $18) 25... Ra6 26. Qe3 Ra8 27. e5 Rad8 28. c5 Rd1+ 29. Bf1 Ra1 30. Kg2 Rd7 31. Bc4 Re7 32. Qg5 Ke8 33. Qf6 Kd7 {[%emt 0:00:18] [#]} 34. Bxe6+ $18 Rxe6 35. Qf7+ Re7 36. e6+ 1-0

[Event "36th Balaton IM 2018"]
[Site "Balatonlelle"]
[Date "2018.06.20"]
[Round "9"]
[White "Vegh, Endre"]
[Black "McPhillips, Joseph"]
[Result "1-0"]
[ECO "E32"]
[WhiteElo "2260"]
[BlackElo "2399"]
[Annotator "NA"]
[PlyCount "229"]
[EventDate "2018.06.12"]
[EventType "swiss"]
[EventCountry "HUN"]
[SourceTitle "playchess.com"]
[Source "ChessBase"]
[SourceQuality "1"]
[TimeControl "40/5400+30:1800+30"]

1. d4 Nf6 2. c4 e6 3. Nc3 Bb4 4. Qc2 O-O 5. Nf3 c5 6. dxc5 Na6 7. g3 Nxc5 8. Bg2 Nce4 9. O-O Nxc3 10. bxc3 Be7 11. e4 d6 12. e5 {[%emt 0:01:02] E39: Nimzo-Indian: Classical: 4...c5 5 dxc5 0-0} dxe5 13. Nxe5 Ne8 (13... Qc7 14. Qe2 Nd7 15. Bf4 Nxe5 16. Bxe5 Bd6 17. Rfe1 Rb8 18. Rad1 Bxe5 19. Qxe5 Qxe5 20. Rxe5 b6 21. c5 Ba6 22. c6 {½-½ (43) Nakamura,H (2781)-Caruana,F (2799) London 2017}) 14. Qe2 Qc7 15. a4 {[%emt 0:02:56] LiveBook: 3 Games [#]} Rb8 $146 ({Predecessor:} 15... Nd6 16. Ba3 f6 17. c5 Nf5 18. Nd3 Rb8 19. Nf4 e5 20. Nd5 Qd8 21. g4 Nh4 22. c6 {0-1 (43) Holm,K (2436)-Tran,T (2548) chess.com INT 2018}) 16. a5 Bd6 17. Re1 f6 18. Ng4 Bd7 19. Rd1 Rc8 20. Ba3 Bxa3 21. Rxa3 Rf7 22. Ne3 Bc6 23. Bxc6 Qxc6 24. Qg4 {[%emt 0:09:31] [#]} f5 $1 25. Qf4 Qc5 26. Ra2 h6 27. Qd4 Nf6 28. Qxc5 Rxc5 29. Rd8+ Rf8 30. Rd6 (30. Rxf8+ $11 {keeps the balance.} Kxf8 31. Rb2) 30... Re8 31. a6 b6 32. f3 Kf7 33. Re2 g6 (33... Re7 $17) 34. Rdd2 (34. Nc2 $11) 34... Ra5 35. Ra2 Rxa2 36. Rxa2 Nd7 37. Nc2 e5 38. Na3 Nc5 39. Nb5 Re7 40. Nd6+ Kf6 41. Nc8 Re8 42. Nxa7 Ra8 43. Nb5 Nxa6 44. Rd2 Re8 45. Ra2 Ra8 46. Rd2 Re8 47. Ra2 Nc5 48. Nc7 Rb8 49. Nd5+ Ke6 50. Rb2 Nd7 51. Rb5 Kd6 52. Kf2 Ke6 53. Ke3 g5 54. Nc7+ Kf7 55. Nd5 h5 56. Rb2 Ke6 57. Rb5 Kf7 58. Rb2 Ke8 59. Nc7+ Ke7 60. Nd5+ Kd6 61. Rb5 Ke6 62. Nc7+ Kf6 63. Nd5+ Kg7 64. Rb2 g4 65. fxg4 hxg4 66. Rf2 Rf8 67. Ne7 Kf6 68. Nxf5 Ra8 (68... Kg5 $14 69. Ne7 Rxf2 70. Kxf2 Kf6 71. Nd5+ Ke6) 69. Nd6+ (69. Nh6+ $16 Ke6 70. Nxg4) 69... Ke6 70. Ne4 Ra1 71. Kd3 (71. Ng5+ $16 Kd6 72. Ke4) 71... Re1 $11 72. Ng5+ Kd6 73. Ne4+ Kc6 74. Rf7 Rd1+ (74... Nc5+ $14 75. Nxc5 Kxc5) 75. Ke2 Ra1 76. Rh7 Ra4 77. Rh6+ Kc7 78. Kd3 Ra2 79. Rg6 Rxh2 80. Rxg4 Rh1 81. Rg7 Kc6 82. g4 Rh3+ 83. Ke2 Nf8 84. Re7 Nd7 85. Re6+ Kc7 86. g5 Rh4 87. Kf3 Rf4+ 88. Ke3 Rg4 $2 (88... Nf8 89. Re7+ Kd8 90. Rxe5 Rf1) 89. Re7 Rg1 90. Nf6 Rxg5 91. Rxd7+ Kc6 92. Rd5 Rg3+ 93. Kd2 Rg2+ 94. Kd3 Rg3+ 95. Kc2 Re3 96. Ng4 Re2+ 97. Kd3 Rg2 98. Nxe5+ Kb7 99. Rb5 Kc7 100. Kd4 Rd2+ 101. Nd3 Rh2 102. Nb4 Rh4+ 103. Kd3 Rh3+ 104. Kc2 Rh4 105. Kb3 Rh3 106. Nd5+ Kc6 107. Rxb6+ Kc5 108. Rb5+ Kc6 109. Nb4+ Kd6 110. Rg5 Kc7 111. c5 Kd7 112. Rg6 Rf3 113. c6+ Kc7 114. Nd5+ Kd8 115. Rg8+ {[%emt 0:00:13] Ke7} 1-0